 Dungeon Crawl Stone Soup version 0.29.1-15-g9cfb28693d (webtiles) character file.

Game seed: 15375782864909375608

7 Silvore the Chopper (level 1, 0/18 HPs)
             Began as a Demonspawn Monk on Apr 30, 2023.
             Was a Believer of Jiyva.
             Slain by a jackal (1 damage)
             ... on level 1 of the Dungeon.
             The game lasted 00:01:42 (324 turns).

Silvore the Chopper (Demonspawn Monk)                Turns: 324, Time: 00:01:42

Health: 0/18       AC:  2    Str: 11    XL:     1   Next: 91%
Magic:  1/1        EV: 13    Int: 11    God:    Jiyva [**....]
Gold:   33         SH:  0    Dex: 15    Spells: 0/0 levels left

rFire   . . .      SeeInvis .   a - +0 hand axe
rCold   . . .      Faith    .   (no shield)
rNeg    . . .      Spirit   .   b - +0 robe
rPois   .          Reflect  .   (no helmet)
rElec   .          Harm     .   (no cloak)
rCorr   +          Rampage  .   (no gloves)
Will    .....                   (no boots)
Stlth   ++........              (no amulet)
HPRegen 1.02/turn               (no ring)
MPRegen 0.37/turn               (no ring)

@: no status effects
A: no striking features
a: Renounce Religion


You were on level 1 of the Dungeon.
You worshipped Jiyva.
Jiyva was pleased with you.
You visited 1 branch of the dungeon, and saw 1 of its levels.

You collected 33 gold pieces.

Inventory:

Hand Weapons
 a - a +0 hand axe (weapon)
Armour
 b - a +0 robe (worn)
Scrolls
 d - a scroll of identify {unknown}
 e - a scroll of blinking {unknown}
 f - a scroll of noise {unknown}
 g - a scroll of poison {unknown}
 i - 3 scrolls of vulnerability {unknown}
 j - a scroll of teleportation {unknown}
Potions
 c - a potion of ambrosia
 h - a potion of flight {unknown}


   Skills:
 + Level 3.0 Fighting
 + Level 3.1 Axes
 + Level 2.7 Dodging
 + Level 1.7 Stealth


You couldn't memorise any spells.
You didn't know any spells.
Your spell library was empty.

Dungeon Overview and Level Annotations

Branches:
Dungeon (1/15)

Altars:
Jiyva


Message History

The jackal bites you. The jackal closely misses you. The jackal misses you.
The jackal bites you. The jackal barely misses you. x3
The jackal bites you. The jackal barely misses you. The jackal bites you.
The jackal closely misses you. The jackal bites you.
The jackal closely misses you. The jackal misses you. The jackal bites you.
The jackal misses you. The jackal closely misses you. The jackal bites you.
The jackal closely misses you. x2; The jackal barely misses you.
The jackal bites you. The jackal barely misses you. x2
The jackal bites you. x2
The jackal bites you. The jackal barely misses you.
The jackal bites you but does no damage.
The jackal completely misses you. The jackal closely misses you.
The jackal bites you but does no damage.
The jackal misses you. The jackal bites you. The jackal barely misses you.
The jackal completely misses you. The jackal misses you. The jackal bites you.
The jackal closely misses you. The jackal misses you. The jackal bites you.
The jackal closely misses you.
The jackal bites you but does no damage.
The jackal bites you.
The jackal bites you but does no damage.
The jackal bites you. The jackal misses you. The jackal closely misses you.
The jackal bites you. The jackal completely misses you.
The jackal closely misses you. x2
The jackal bites you. x2
The jackal bites you. The jackal barely misses you.
The jackal closely misses you.
The jackal barely misses you. x2; The jackal misses you.
The jackal misses you. The jackal bites you. x2
* * * LOW HITPOINT WARNING * * *
The jackal bites you but does no damage.
The jackal closely misses you. The jackal barely misses you.
The jackal bites you.
* * * LOW HITPOINT WARNING * * *
The jackal bites you.
* * * LOW HITPOINT WARNING * * *
The jackal bites you.
* * * LOW HITPOINT WARNING * * *
The jackal barely misses you. The jackal bites you.
You die...

##############
######..........@h#
......[......####h#
######.#####.# h#
#.# #.# .# #.#
###.### .# #.#
#.....# .# # #.#
#.....##.# # #.#
#......... # #.#
#.....# #


You could see 3 jackals.

Vanquished Creatures
  A dart slug (D:1)
  A hobgoblin (D:1)
  A kobold (D:1)
  A quokka (D:1)
  A frilled lizard (D:1)
5 creatures vanquished.

Notes
Turn   | Place    | Note
-------+----------+-------------------------------------------
     0 | D:1      | Silvore the Demonspawn Monk began the quest for the Orb.
     0 | D:1      | Reached XP level 1. HP: 18/18 MP: 1/1
    94 | D:1      | Found a faded altar of an unknown god.
   155 | D:1      | Prayed at the altar of an unknown god.
   155 | D:1      | Became a worshipper of Jiyva Jaufes the Shapeless
   155 | D:1      | Reached * piety under Jiyva
   155 | D:1      | Reached ** piety under Jiyva
   324 | D:1      | Slain by a jackal

Illustrated notes

Levels and vault maps discovered:
D:1:      saegor_arrival_simple_e, layout_loops_ring,
          shapermc_ecumenical_altar_totnotflames, minmay_misc_feat_diagonals,
          grunt_decor_junction, chequers_mini_garden, minmay_tetromino_o4

Skill      XL: |  1 |
---------------+----+-----
Axes           | 3 |  3.1
Fighting       | |  3.0
Dodging        | |  2.7
Stealth        | |  1.7

Action                   || total
-------------------------++-------
Melee: Hand axe          ||    16
Armor: Robe              ||    11
Dodge: Dodged            ||    59
